 Dungeon Sprint DCSS version 0.30-a0-989-g0d87f670db (webtiles) character file.

Game seed: 14257791758030267597

169 holysushi the Skirmisher (level 5, -9/36 HPs)
             Began as an Octopode Monk on Apr 3, 2023.
             Was a Believer of Vehumet.
             Mangled by a jumping spider (10 damage)
             ... in the Dungeon (Sprint V: "Ziggurat Sprint").
             The game lasted 00:00:50 (79 turns).

holysushi the Skirmisher (Octopode Monk)              Turns: 79, Time: 00:00:51

Health: -9/36      AC:  1    Str: 10    XL:     5   Next: 50%
Magic:  5/5        EV: 15    Int: 25    God:    Vehumet [**....]
Gold:   0          SH:  0    Dex: 28    Spells: 4/4 levels left

rFire   . . .      SeeInvis +    B - +27 heavy crossbow "Sniper" {heavy, Acc+∞ SInv}
rCold   . . .      Faith    .    (shield currently unavailable)
rNeg    . . .      Spirit   .    (helmet restricted)
rPois   .          Reflect  .    (no amulet)
rElec   .          Rampage  .    r - +6 ring of dexterity
rCorr   .          NoTele   +    s - +6 ring of dexterity
Will    .....                    t - +6 ring of intelligence
Stlth   ++++                     u - +6 ring of intelligence
HPRegen 0.26/turn                (no ring)
MPRegen 0.09/turn                (no ring)
                                 (no ring)
                                 (no ring)

@: no status effects
A: almost no armour, amphibious, 8 rings, camouflage 1, gelatinous body 1,
(nimble swimmer 1), tentacles
a: Renounce Religion


You were in the Dungeon.
You worshipped Vehumet.
Vehumet was pleased with you.
You visited 1 branch

Inventory:

Hand Weapons
 A - the +6 Majin-Bo {spellvamp, MP+6 Int+6}
   (You found it in the Dungeon)

   Int:       It affects your intelligence (+6).
   MP:        It affects your magic capacity (+6).
 B - the +27 heavy crossbow "Sniper" (weapon) {heavy, Acc+∞ SInv}
   (You found it in the Dungeon)

   Acc+∞: It never misses its target.
   SInv:      It lets you see invisible.
 D - the +11 Singing Sword {sonic wave}
   (You found it in the Dungeon)
 E - the +8 lance "Wyrmbane" {slay drac, rPois rF+ rC+ AC+3}
   (You found it in the Dungeon)

   AC:        It affects your AC (+3).
   rF:        It protects you from fire.
   rC:        It protects you from cold.
   rPois:     It protects you from poison.
 F - the +8 storm bow {elec, penet}
   (You found it in the Dungeon)
Armour
 C - the +18 shield of the Gong {Loud rN+ Will+ rCorr EV-5}
   (You found it in the Dungeon)

   Loud:      It is deafeningly noisy when blocking attacks.
   EV:        It affects your evasion (-5).
   rN:        It protects you from negative energy.
   rCorr:     It protects you from acid and corrosion.
   Will:      It increases your willpower.
 G - an orb of mayhem
Jewellery
 q - a ring of flight
 r - a +6 ring of dexterity (left tentacle)
 s - a +6 ring of dexterity (right tentacle)
 t - a +6 ring of intelligence (on tentacle)
 u - a +6 ring of intelligence (on tentacle)
 v - a +6 ring of strength
 w - a +6 ring of strength
Wands
 x - a wand of mindburst (7)
 y - a wand of iceblast (7)
 z - a wand of quicksilver (7)
Scrolls
 h - 4 scrolls of blinking
 m - 4 scrolls of amnesia
 n - 7 scrolls of fog
 o - 5 scrolls of identify
 p - 2 scrolls of fear
Potions
 a - 2 potions of brilliance
 b - a potion of ambrosia
 c - 10 potions of curing
 d - 10 potions of heal wounds
 e - 6 potions of haste
 f - 7 potions of magic
 g - 3 potions of berserk rage
 i - 2 potions of invisibility
 j - 4 potions of resistance
 l - 5 potions of might


   Skills:
 - Level 3.0 Fighting
 - Level 3.0 Short Blades
 + Level 11.7 Ranged Weapons
 - Level 3.0 Dodging
 - Level 2.6 Stealth


You had 4 spell levels left.
You didn't know any spells.
Your spell library was empty.

Dungeon Overview and Level Annotations

Branches:
Dungeon (1/1) Zot: 27000

Altars:
Ashenzari
Cheibriados
Dithmenos
Elyvilon
Fedhas
Gozag
Hepliaklqana
Kikubaaqudgha
Makhleb
Nemelex Xobeh
Okawaru
Qazlal
Ru
Sif Muna
Trog
Uskayaw
Vehumet
Wu Jian
Xom
Yredelemnul
Zin
The Shining One
Jiyva
Lugonu

Annotations:
D 1 transporter


Innate Abilities, Weirdness & Mutations

You cannot wear most types of armour.
You are amphibious.
You can wear up to eight rings at the same time.
Your skin changes colour to match your surroundings (Stealth+).
Your rubbery body absorbs attacks. (AC +1, EV +1)
((You are camouflaged when in or above water. (Stealth+)))
You have tentacles for arms and can constrict up to eight enemies at once.


Message History

You feel more experienced!
Your Ranged Weapons skill gained 7 levels and is now at level 7!
You have reached level 2!
There is a transporter here.
Welcome to arena 1.
You enter the transporter and appear at another place. 2 jumping spiders come into view.
The jumping spider's many legs skitter faintly. x2
The jumping spider leaps!
Found a +1 dagger of venom and 4 potions of heal wounds.
Found a transporter.
Fire: B) +27 heavy crossbow "Sniper" {heavy, Acc+∞ SInv}
Press: ? - help, Q - select action, (/) - cycle Shift-Dir - straight line, f - jumping spider
Aim: a jumping spider (100% to hit)
You shoot a bolt. The bolt hits the jumping spider!!!
You kill the jumping spider!
Vehumet accepts your kill.
The jumping spider leaps!
The jumping spider misses you. The jumping spider bites you.
The jumping spider pounces on you!
Ouch! That really hurt!
* * * LOW HITPOINT WARNING * * *
The jumping spider closely misses you.
Your Ranged Weapons skill gained 4 levels and is now at level 11!
You have reached level 3!
Your experience leads to an increase in your attributes!
Your base attributes are Str 10, Int 12, Dex 14.
Increase (S)trength, (I)ntelligence, or (D)exterity?
You feel agile. x2
You have reached level 4!
You have reached level 5!
You feel clever.
Fire: B) +27 heavy crossbow "Sniper" {heavy, Acc+∞ SInv}
Press: ? - help, Q - select action, (/) - cycle Shift-Dir - straight line, f - jumping spider
Aim: a jumping spider (100% to hit)
You shoot a bolt. The bolt hits the jumping spider!!
The jumping spider is heavily wounded.
The jumping spider misses you. The jumping spider bites you.
* * * LOW HITPOINT WARNING * * *
The jumping spider pounces on you!
You die...

▓▓▓▓▓▓▓
▓.8©8.▓
▓.....▓
▓.!.).▓
▓..†..▓
▓..s..▓
▓..@..▓
▓▓▓▓▓▓▓


You could see a jumping spider.

Vanquished Creatures
  A jumping spider (D)
1 creature vanquished.

Notes
Turn   | Place    | Note
-------+----------+-------------------------------------------
     0 | D        | holysushi the Octopode Monk began the quest for the Orb.
     0 | D        | Reached XP level 1. HP: 16/16 MP: 1/1
     0 | D        | Found a blossoming altar of Fedhas.
     0 | D        | Found the +6 Majin-Bo {spellvamp, MP+6 Int+6}
     0 | D        | Found the +27 heavy crossbow "Sniper" {heavy, Acc+∞ SInv}
     0 | D        | Found the +10 dark maul {heavy}
     0 | D        | Found the +15 Maxwell's patent armour {-Cast -Tele rElec
                  | Will+ rCorr}
     0 | D        | Found the +18 shield of the Gong {Loud rN+ Will+ rCorr
                  | EV-5}
     0 | D        | Found the +16 obsidian axe {drain, demonic, Mesm Drain Fly
                  | SInv}
     0 | D        | Found the +7 great mace "Firestarter" {flame, inner flame,
                  | rFlCloud rF++}
     0 | D        | Found the +6 shillelagh "Devastator" {shatter}
     0 | D        | Found the +11 plutonium sword {Contam Stlth-}
     0 | D        | Found the +8 lance "Wyrmbane" {slay drac, rPois rF+ rC+
                  | AC+3}
     0 | D        | Found the +9 sword of Zonguldrok {reap}
     0 | D        | Found the +13 scythe of Curses {drain, curses, Drain}
     0 | D        | Found the +9 sword of Power {lifebolt}
     0 | D        | Found the +7 mace of Variability {chaos, chain chaos}
     0 | D        | Found the +11 Singing Sword {sonic wave}
     0 | D        | Found the +8 storm bow {elec, penet}
     2 | D        | Found a shimmering blue altar of Sif Muna.
     2 | D        | Found a sacrificial altar of Ru.
     2 | D        | Found a bloodstained altar of Trog.
     2 | D        | Found a stormy altar of Qazlal.
     2 | D        | Found an iron altar of Okawaru.
     2 | D        | Found a sparkling altar of Nemelex Xobeh.
     4 | D        | Found a transporter.
     4 | D        | Found an ancient bone altar of Kikubaaqudgha.
     4 | D        | Found a viscous altar of Jiyva.
     4 | D        | Found a corrupted altar of Lugonu.
     4 | D        | Found a hazy altar of Hepliaklqana.
     4 | D        | Found a burning altar of Makhleb.
     4 | D        | Found an opulent altar of Gozag.
    54 | D        | Became a worshipper of Vehumet
    54 | D        | Reached * piety under Vehumet
    54 | D        | Offered knowledge of Freeze by Vehumet.
    54 | D        | Reached ** piety under Vehumet
    75 | D        | Reached skill level 7 in Ranged Weapons
    75 | D        | Reached XP level 2. HP: 21/21 MP: 2/2
    77 | D        | Entered arena 2.
    77 | D        | Noticed a jumping spider
    77 | D        | Noticed a jumping spider
    77 | D        | Found a transporter.
    78 | D        | Killed a jumping spider
    79 | D        | Reached skill level 11 in Ranged Weapons
    79 | D        | Reached XP level 3. HP: 4/26 MP: 3/3
    79 | D        | Reached XP level 4. HP: 5/31 MP: 4/4
    79 | D        | Reached XP level 5. HP: 6/36 MP: 5/5
    79 | D        | HP: 1/36 [jumping spider (6)]
    79 | D        | Mangled by a jumping spider

Illustrated notes

Levels and vault maps discovered:
D:        sprint_v [room_start, room_1, room_2, room_3, room_4, room_5, room_6,
          room_7, room_8, room_9, room_10, room_11, room_12, room_13, room_14,
          room_15, room_16, room_17, room_18, room_19, room_20, room_21,
          room_22, room_23, room_24, room_25, room_26, room_27]

Skill      XL: |  1  2 |
---------------+-------+-----
Ranged Weapons | 7 11 | 11.7
Fighting       | |  3.0
Short Blades   | |  3.0
Dodging        | |  3.0
Stealth        | |  2.6

Action                     |  1- 3 |  4- 6 || total
---------------------------+-------+-------++-------
   Fire: Heavy crossbow    |     1 |     1 ||     2
    Use: Potion            |     1 |       ||     1
  Dodge: Dodged            |     2 |     1 ||     3

Table legend: (Time is in decaauts)
 A = Elapsed time spent in this place.
 B = Non-inter-level travel time spent in this place.
 C = Inter-level travel time spent in this place.
 D = Time resting spent in this place.
 E = Time spent auto-exploring this place.
 F = Levels seen in this place.
 G = Mean time per level.
                   A        B        C        D        E       F      G
               +--------+--------+--------+--------+--------+-----+--------+
         Total |     78 |     78 |      0 |      0 |     17 |   1 |   78.0 |
       Dungeon |     78 |     78 |      0 |      0 |     17 |   1 |   78.0 |
               +--------+--------+--------+--------+--------+-----+--------+

Top non-repeatable levels by time:
       D: 78 daAuts
